 Dungeon Crawl Stone Soup version 0.20.0-15-g7f486f2 (webtiles) character file.

306 Gargoyl the Skirmisher (level 6, -2/79 HPs)
             Began as a Draconian Abyssal Knight on June 22, 2017.
             Was a Priest of Lugonu.
             Slain by a two-headed ogre
             ... wielding a +0 giant club
              (19 damage)
             ... on level 4 of the Dungeon.
             The game lasted 00:05:44 (3245 turns).

Gargoyl the Skirmisher (Draconian Abyssal Knight)   Turns: 3245, Time: 00:05:45

Health: -2/79      AC:  7    Str: 25    XL:     6   Next: 16%
Magic:  8/8        EV: 13    Int: 13    God:    Lugonu [***...]
Gold:   217        SH:  0    Dex: 12    Spells: 5/5 levels left

rFire    . . .     SeeInvis .   a - +1 hand axe
rCold    . . .     Gourm    .   (no shield)
rNeg     . . .     Faith    .   (armour unavailable)
rPois    .         Spirit   .   (helmet restricted)
rElec    .         Reflect  .   k - +0 cloak
rCorr    .         Harm     .   (no gloves)
MR       .....                  (no boots)
Stlth    ..........             (no amulet)
Regen    0.3/turn               c - +6 ring of strength
MPRegen  0.2/turn               (no ring)

@: mighty, berserking, very quick
A: unfitting armour, cold-blooded, AC +6
a: Depart the Abyss, Bend Space, Banish, Renounce Religion


You were on level 4 of the Dungeon.
You worshipped Lugonu.
Lugonu was most pleased with you.
You were hungry.

You visited 1 branch of the dungeon, and saw 4 of its levels.
You visited the Abyss 1 time.

You collected 217 gold pieces.

Inventory:

Hand Weapons
 a - a +1 hand axe (weapon)
Armour
 k - a +0 cloak (worn)
Jewellery
 c - a +6 ring of strength (left hand)
 j - a +3 ring of evasion {unknown}
Scrolls
 f - 2 scrolls of teleportation
 g - 2 scrolls of identify
 h - 4 scrolls of remove curse
Potions
 e - a potion of berserk rage
 i - a potion of agility {unknown}
 l - a potion of curing {unknown}
 n - a potion of mutation {unknown}
 o - a potion of resistance {unknown}
Comestibles
 b - 4 bread rations
 m - 3 royal jellies


   Skills:
 + Level 4.4 Fighting
 + Level 3.6 Axes
 * Level 3.8 Dodging
 * Level 2.1 Stealth
 * Level 2.7 Invocations


You had 5 spell levels left.
You didn't know any spells.

Dungeon Overview and Level Annotations

Branches:
Dungeon (4/15)
 Temple: D:4-7

Altars:
Ashenzari


Innate Abilities, Weirdness & Mutations

Your plain brown scales are hard. (AC +6)
You cannot fit into any form of body armour.
You are cold-blooded and may be slowed by cold attacks.


Message History

Lugonu accepts your kill. The two-headed ogre barely misses you.
The two-headed ogre misses you. The orc closely misses you.
You slash the two-headed ogre!
The two-headed ogre is severely wounded.
The two-headed ogre barely misses you.
The two-headed ogre hits you with a dire flail.
* * * LOW HITPOINT WARNING * * *
The orc barely misses you.
Unknown command.
You hit the two-headed ogre.
The two-headed ogre is severely wounded.
You hit the worker ant.
The worker ant bites you but does no damage.
Unknown command.
You hit the two-headed ogre.
The two-headed ogre is almost dead.
You hit the worker ant.
The two-headed ogre hits you with a giant club!!
You die...

.....#
.......
.....#.......
............
...........
..........
.......
##a)o# #.@O#
. ##..## #.
##..## ...
##..## ....
##..##
.....###...#
..........##
.......>..##
.......#...#


You could see a two-headed ogre, a worker ant and an orc.

Vanquished Creatures
  An orc priest (D:3)
  An iguana (D:4)
  3 orc wizards (D:4)
  5 adders
  An ooze (D:3)
  A worm (D:3)
  2 dart slugs
  3 leopard geckos
  15 orcs
  3 ball pythons
  5 giant cockroaches
  9 hobgoblins
  4 jackals (D:1)
  3 kobolds
  A quokka (D:3)
  11 bats
  6 frilled lizards
  7 goblins
  11 rats
92 creatures vanquished.

Notes
Turn   | Place    | Note
-------+----------+-------------------------------------------
     0 | Abyss:1  | Gargoyl the Draconian Abyssal Knight began the quest for the Orb.
     0 | Abyss:1  | Reached XP level 1. HP: 19/19 MP: 2/2
    97 | Abyss:1  | Noticed a small abomination
   104 | Abyss:1  | Noticed an ancient zyme
   106 | D:1      | Escaped the Abyss
   113 | D:1      | Noticed a black bear
   114 | D:1      | Noticed a swamp drake
   165 | D:1      | Reached * piety under Lugonu
   349 | D:1      | Reached XP level 2. HP: 16/26 MP: 3/3
   814 | D:1      | Reached XP level 3. HP: 33/33 MP: 4/4
  1164 | D:2      | Reached skill level 4 in Fighting
  1475 | D:2      | Reached ** piety under Lugonu
  1548 | D:2      | Reached XP level 4. HP: 35/40 MP: 5/5
  1999 | D:3      | Reached skill level 1 in Stealth
  2347 | D:3      | Found a shattered altar of Ashenzari.
  2422 | D:3      | Reached XP level 5. HP: 41/46 MP: 6/6
  2819 | D:4      | Reached XP level 6. HP: 49/53 MP: 8/8
  2820 | D:4      | Reached *** piety under Lugonu
  3235 | D:4      | Noticed a two-headed ogre
  3245 | D:4      | Slain by a two-headed ogre

Skill      XL: |  1  2  3  4  5 |
---------------+----------------+-----
Fighting       | 4 |  4.4
Dodging        | 3 |  3.8
Stealth        | 1 2 |  2.1
Axes           | 3 |  3.6
Invocations    | |  2.7

Action                   |  1- 3 |  4- 6 || total
-------------------------+-------+-------++-------
Melee: Hand axe          |    93 |   145 ||   238
       Tailslap          |     8 |    20 ||    28
Invok: Depart the Abyss  |     1 |       ||     1
  Use: Scroll            |     5 |     4 ||     9
       Potion            |       |     2 ||     2
 Stab: Sleeping          |     1 |     3 ||     4
  Eat: Chunk             |     2 |     5 ||     7
Armor: Skin              |    49 |    55 ||   104
Dodge: Dodged            |    90 |   128 ||   218
